 Dungeon Crawl Stone Soup version 0.31-a0-833-gc15d34cb79 (webtiles) character file.

Game seed: 6699143225711410622

681 iiiiiiipa the Poker (level 7, -7/52 HPs)
             Began as a Demonspawn Monk on Sept 25, 2023.
             Killed by divine providence
             ... invoked by an orc priest
              (13 damage)
             ... on level 4 of the Dungeon on Jan 29, 2024.
             The game lasted 00:20:20 (3400 turns).

iiiiiiipa the Poker (Demonspawn Monk)               Turns: 3400, Time: 00:20:21

Health: -7/52      AC: 13    Str: 14    XL:     7   Next: 34%
Magic:  8/8        EV: 11    Int: 11    God:
Gold:   256        SH:  0    Dex: 15    Spells: 7/8 levels left

rFire   . . .        a - +0 spear
rCold   + . .        d - orb {light}
rNeg    . . .        j - +0 ring mail
rPois   .            g - +1 hat
rElec   .            (no cloak)
rCorr   .            t - +0 pair of gloves
SInv    .            (no boots)
Will    .....        (no amulet)
Stlth   +            h - ring of protection from cold
HPRegen 0.28/turn    (no ring)
MPRegen 0.11/turn

%: no passive effects
@: sanguine armoured, glowing
A: antennae 2, foul stench 1, sanguine armour 1
a: no special abilities


You were on level 4 of the Dungeon.
You visited 1 branch of the dungeon, and saw 4 of its levels.
You also visited: Ossuary.

You collected 256 gold pieces.

Inventory:

Hand Weapons
 a - a +0 spear (weapon)
 f - a +0 sling
Armour
 b - a +0 robe
 d - an orb of light (worn)
 g - a +1 hat (worn)
 j - a +0 ring mail (worn)
 s - a +0 scale mail
 t - a +0 pair of gloves (worn)
Jewellery
 h - a ring of protection from cold (left hand)
Talismans
 n - a flux talisman
Scrolls
 e - 2 scrolls of vulnerability {unknown}
 l - a scroll of revelation {unknown}
 m - a scroll of teleportation
 p - 2 scrolls of fog {unknown}
 r - a scroll of enchant armour {unknown}
 u - a scroll of noise {unknown}
 w - a scroll of fear {unknown}
 x - a scroll of blinking {unknown}
 y - a scroll of immolation {unknown}
Potions
 c - 2 potions of ambrosia
 i - 2 potions of haste {unknown}
 k - 2 potions of berserk rage
 o - 2 potions of magic
 q - 2 potions of curing
 v - a potion of mutation
 z - a potion of might
 A - 2 potions of heal wounds {unknown}
 B - 2 potions of degeneration {unknown}


   Skills:
 - Level 3.5 Fighting
 - Level 0.8(3.3) Axes
 + Level 5.2(5.3) Polearms
 - Level 0.8(3.3) Staves
 - Level 2.7 Dodging
 + Level 1.0 Spellcasting
 + Level 1.1 Conjurations
 - Level 2.0 Fire Magic
 - Level 3.7 Shapeshifting


You had 7 spell levels left.
You knew the following spells:

 Your Spells              Type           Power      Damage    Failure   Level
a - Foxfire               Conj/Fire      16%        2x1d4     34%         1

Your spell library contained the following spells:

 Spells                   Type           Power      Damage    Failure   Level
 Plasma Beam              Fire/Air       1%         2x1d11    100%        6
 Starburst                Conj/Fire      2%         6d3       100%        6


Dungeon Overview and Level Annotations

Branches:
Dungeon (4/15)            Ossuary (visited)
 Temple: D:4-7

Altars:

Annotations:
D:3 1 runed translucent door, Age's ghost, amateur MiFi
D:4 1 runed translucent door, demibob's ghost, amateur MfCK


Innate Abilities, Weirdness & Mutations

You have a pair of antennae on your head.
You may rarely emit foul miasma when damaged in melee.
When seriously injured, your blood forms armour. (AC +6)


Message History

Press: ? - help, Dir - move target, f/p - hobgoblin
Aim: a hobgoblin (almost dead, haloed, about 19% to evade your +0 spear)
You reach to attack!
You hit the hobgoblin but do no damage.
The hobgoblin is almost dead.
Reach: a) +0 spear
Press: ? - help, Dir - move target, f/p - hobgoblin
Aim: a hobgoblin (almost dead, haloed, about 19% to evade your +0 spear)
You reach to attack!
You hit the hobgoblin but do no damage.
The hobgoblin is almost dead.
You hit the hobgoblin.
You kill the hobgoblin!
Reach: a) +0 spear
Press: ? - help, Dir - move target, f - orc priest
Aim: an orc priest, wielding a +0 flail and wearing a +0 leather armour (haloed, about 19% to evade your +0 spear)
You reach to attack!
You barely miss the orc priest. You completely miss the orc priest.
The orc priest hits you but does no damage.
You hit the orc priest.
The orc priest is lightly wounded.
The orc priest calls down the wrath of Beogh upon you.
You struggle to resist.
You hit the orc priest.
The orc priest is moderately wounded.
The orc priest calls down the wrath of Beogh upon you.
Pain shoots through your body!
* * * LOW HITPOINT WARNING * * *
You hit the orc priest.
The orc priest is heavily wounded.
You hit the orc priest but do no damage.
The orc priest is heavily wounded.
The orc priest hits you with a +0 flail.
* * * LOW HITPOINT WARNING * * *
You completely miss the orc priest.
The orc priest is heavily wounded.
The orc priest hits you but does no damage.
You hit the orc priest but do no damage.
The orc priest is heavily wounded.
The orc priest mumbles some strange prayers to Beogh against you.
Beogh smites you!
You die...

####.#........#
#
#........#....#
#.##......o...#
#.######o#.#..#
#.# #.{.....
#.# #o......
#.# .......
##)######.....#
#..@o.........#
######........#
#..........
#..........
#..........
#.......>..
#..........
######.#...


You could see an orc priest.

Vanquished Creatures
  A phantom (D:4)
  4 water moccasin zombies (Ossuary)
  A scorpion (D:4)
  3 hounds (D:4)
  An iguana (D:4)
  2 mummies (Ossuary)
  6 gnolls
  3 adders (D:2)
  An ufetubus (D:4)
  5 adder zombies (Ossuary)
  2 worms
  A dart slug (D:4)
  8 orcs
  6 endoplasms
  3 giant cockroaches
  2 gnoll zombies (Ossuary)
  6 goblins
  8 hobgoblins
  A quokka (D:2)
  4 ball pythons
  2 bats
  5 frilled lizards
  3 hobgoblin zombies (Ossuary)
  5 kobolds
  9 kobold zombies (Ossuary)
  5 orc zombies (Ossuary)
  4 rats
101 creatures vanquished.

Vanquished Creatures (others)
  10 foxfires
10 creatures vanquished.

Grand Total: 111 creatures vanquished

Notes
Turn   | Place    | Note
-------+----------+-------------------------------------------
     0 | D:1      | iiiiiiipa the Demonspawn Monk began the quest for the Orb.
     0 | D:1      | Reached XP level 1. HP: 18/18 MP: 1/1
    90 | D:1      | You fall into a shaft and drop 1 floor!
   293 | D:2      | Gained mutation: You have a pair of small antennae on your
                  | head. [demonic ancestry]
   293 | D:2      | Reached XP level 2. HP: 24/24 MP: 2/2
   404 | D:1      | Found a faded altar of an unknown god.
   681 | D:2      | Reached skill level 3 in Polearms
   681 | D:2      | Reached XP level 3. HP: 28/29 MP: 3/3
   820 | D:2      | Reached skill level 1 in Shapeshifting
   990 | D:1      | Gained mutation: You have a pair of antennae on your head.
                  | [demonic ancestry]
   990 | D:1      | Reached XP level 4. HP: 31/35 MP: 4/4
  1574 | D:3      | Found a runed translucent door.
  1578 | D:3      | Noticed a bullfrog
  1579 | D:3      | Noticed Age's ghost (amateur MiFi)
  1617 | D:3      | Gained mutation: When seriously injured, your blood forms
                  | armour. (AC +6) [demonic ancestry]
  1617 | D:3      | Reached XP level 5. HP: 35/41 MP: 5/5
  1912 | D:4      | Found a sand-covered staircase.
  1921 | Ossuary  | Entered an ossuary
  2083 | Ossuary  | Gained mutation: You may rarely emit foul miasma when
                  | damaged in melee. [demonic ancestry]
  2083 | Ossuary  | Reached XP level 6. HP: 27/47 MP: 6/6
  2109 | Ossuary  | Reached skill level 4 in Polearms
  2111 | Ossuary  | Learned a level 1 spell: Foxfire
  2265 | Ossuary  | Reached skill level 1 in Fire Magic
  2659 | D:4      | Found a runed translucent door.
  2659 | D:4      | Noticed demibob's ghost (amateur MfCK)
  2696 | D:4      | Reached skill level 5 in Polearms
  2696 | D:4      | Reached XP level 7. HP: 52/52 MP: 7/7
  3172 | D:4      | Reached skill level 1 in Spellcasting
  3172 | D:4      | Reached skill level 1 in Conjurations
  3400 | D:4      | Killed from afar by an orc priest

Illustrated notes

Levels and vault maps discovered:
D:1:      shiori_arrival_maze, layout_rooms,
          hellmonk_ecumenical_altar_crossroads, dk_noncrumbling_4
D:2:      layout_basic, serial_glass, glass_columns_a, glass_columns_a,
          minmay_strange_pillars, feat_on_display, minmay_strange_pillars,
          item_on_display_a
D:3:      layout_loops_ring, ebering_ghost_sewer_d, chequers_mini_garden
D:4:      layout_basic, enter_ossuary_1, hellmonk_ghost_happy_afterlife

Skill      XL: |  1  2  3  4  5  6  7 |
---------------+----------------------+-----
Polearms       | 3 5 |  5.2
Shapeshifting  | 1 2 3 |  3.7
Fire Magic     | 2 |  2.0
Spellcasting   | 1 |  1.0
Conjurations   | 1 |  1.1
Fighting       | |  3.5
Axes           | |  0.8
Staves         | |  0.8
Dodging        | |  2.7

Action                     |  1- 3 |  4- 6 |  7- 9 || total
---------------------------+-------+-------+-------++-------
  Melee: Spear             |   139 |   310 |    94 ||   543
   Cast: Foxfire           |       |     2 |     3 ||     5
    Use: Potion            |     2 |       |     1 ||     3
         Scroll            |       |     4 |     1 ||     5
   Stab: Sleeping          |     1 |       |       ||     1
 Armour: Robe              |    25 |       |       ||    25
         Ring mail         |    46 |   126 |    48 ||   220
  Dodge: Dodged            |    53 |   117 |    36 ||   206

Table legend: (Time is in decaauts)
 A = Elapsed time spent in this place.
 B = Non-inter-level travel time spent in this place.
 C = Inter-level travel time spent in this place.
 D = Time resting spent in this place.
 E = Time spent auto-exploring this place.
 F = Levels seen in this place.
 G = Mean time per level.
                   A        B        C        D        E       F      G
               +--------+--------+--------+--------+--------+-----+--------+
         Total |   3351 |   3292 |     59 |    347 |   1820 |   5 |  670.2 |
       Dungeon |   2792 |   2733 |     59 |    258 |   1616 |   4 |  698.0 |
       Ossuary |    559 |    559 |      0 |     89 |    204 |   1 |  559.0 |
               +--------+--------+--------+--------+--------+-----+--------+

Top non-repeatable levels by time:
     D:4: 892 daAuts
     D:2: 780 daAuts
     D:3: 628 daAuts
 Ossuary: 559 daAuts
     D:1: 490 daAuts
